 Dungeon Crawl Stone Soup version 0.28-a0-802-g09f76e8c00 (webtiles) character file.

Game seed: 3930709069559861313

6247 lawman0 the Magician (level 11, -31/68 HPs)
             Began as a Djinni Hedge Wizard on Nov 6, 2021.
             Was an Elder of Hepliaklqana.
             Annihilated by a large slime creature (37 damage)
             ... on level 8 of the Dungeon.
             The game lasted 00:17:39 (10302 turns).

lawman0 the Magician (Djinni Hedge Wizard)         Turns: 10302, Time: 00:17:39

Health: -31/68     AC:  7    Str: 10    XL:     11   Next: 15%
Gold:   1241       EV: 14    Int: 18    God:    Hepliaklqana [****..] SH: 10 Dex: 13

rFire   + + .      SeeInvis .   l - +0 long sword (vorpal)
rCold   x . .      Faith    .   x - +0 buckler
rNeg    . . .      Spirit   .   b - +0 robe
rPois   ∞          Reflect  +   p - +0 helmet
rElec   .          Harm     .   r - +2 cloak
rCorr   .          Rampage  .   k - +0 pair of gloves
Will    +....                   (boots unavailable)
Stlth   +++.......              h - amulet of reflection
HPRegen 0.21/turn               c - ring of wizardry
MPRegen 0.00/turn               (no ring)

@: flying
A: reduced essence, sickness immunity, fire resistance 2, cold vulnerability 1,
float, innate caster, hp casting, extra vitality 1
a: Renounce Religion, Recall Ancestor, Ancestor Identity, Transference, Idealise


You were on level 8 of the Dungeon.
You worshipped Hepliaklqana.
Hepliaklqana was greatly pleased with you.
You visited 2 branches of the dungeon, and saw 9 of its levels.
You also visited: Sewer.

You collected 1331 gold pieces.
You spent 90 gold pieces at shops.

Inventory:

Hand Weapons
 j - a +0 short sword
 l - a +0 vorpal long sword (weapon)
 m - a +2 dagger of pain
Missiles
 q - 7 javelins
Armour
 b - a +0 robe (worn)
 k - a +0 pair of gloves (worn)
 p - a +0 helmet (worn)
 r - a +2 cloak (worn)
 w - a +2 kite shield
 x - a +0 buckler (worn)
 D - a +0 tower shield
Jewellery
 c - a ring of wizardry (left hand)
 h - an amulet of reflection (around neck)
Wands
 g - a wand of acid (2)
 u - a wand of mindburst (3)
 C - a wand of polymorph (12)
Scrolls
 a - a scroll of magic mapping {unknown}
 e - 2 scrolls of enchant weapon {unknown}
 t - 2 scrolls of fog {unknown}
 v - a scroll of teleportation {unknown}
 y - a scroll of holy word
 B - a scroll of amnesia {unknown}
Potions
 d - 2 potions of resistance {unknown}
 f - a potion of berserk rage
 i - 5 potions of curing
 n - 2 potions of lignification {unknown}
 o - 2 potions of flight
 s - a potion of experience {unknown}
 z - a potion of ambrosia {unknown}
 E - 2 potions of might {unknown}


   Skills:
 * Level 5.3 Fighting
 - Level 0.1(4.0) Short Blades
 * Level 6.5 Long Blades
 + Level 6.2 Dodging
 + Level 4.5 Stealth
 * Level 5.0 Shields
 * Level 6.8 Spellcasting
 * Level 5.1 Invocations
 + Level 1.1 Evocations


You couldn't memorise any spells.
You knew the following spells:

 Your Spells              Type           Power      Damage    Failure   Level
a - Magic Dart            Conj           100%       1d8       1%          1
b - Blink                 Tloc           62%        N/A       1%          2
c - Call Imp              Summ           31%        N/A       1%          2
d - Slow                  Hex            100%       N/A       1%          1
e - Conjure Flame         Conj/Fire      31%        6-21      1%          3
f - Mephitic Cloud        Conj/Pois/Air  31%        N/A       1%          3
g - Animate Skeleton      Necr           62%        N/A       1%          1
h - Searing Ray           Conj           62%        2d6       1%          2
i - Frozen Ramparts       Ice            62%        1d8       1%          3
j - Passage of Golubria   Tloc           31%        N/A       2%          4
k - Ice Form              Ice/Tmut       31%        N/A       2%          4
Your spell library was empty.

Dungeon Overview and Level Annotations

Branches:
Dungeon (8/15)             Temple (1/1) D:7           Sewer (visited)
   Lair: D:8-11

Altars:
Ashenzari
Dithmenos
Elyvilon
Fedhas
Gozag
Hepliaklqana
Makhleb
Okawaru
Qazlal
Ru
Trog
Uskayaw
Vehumet
Wu Jian
Xom
Yredelemnul
Zin
The Shining One


Innate Abilities, Weirdness & Mutations

Your life essence is reduced to manifest your ancestor. (-10% HP)
You are immune to sickness and miasma.
You are immune to poison.
Your flesh is very heat resistant. (rF++)
You are vulnerable to cold. (rC-)
You float through the air rather than walking.
You learn spells naturally, not from books.
Your magical power is your life essence.
You have superior vitality. (+4 HP)


Message History

The killer bee is almost dead.
The killer bee stings you but does no damage.
The killer bee barely misses you.
Your crimson imp hits the enormous slime creature.
Septima hits the enormous slime creature with a +0 flail!
Unknown command.
You hit the killer bee.
You kill the killer bee!
Your crimson imp hits the enormous slime creature but does no damage.
Unknown command.
An enormous slime creature splits.
Your crimson imp completely misses the large slime creature.
Casting: Call Imp (safe; 1% risk of failure)
Confirm with . or Enter, or press ? or * to list all spells.
You don't know that spell.
Unknown command.
Casting: Call Imp (safe; 1% risk of failure)
Confirm with . or Enter, or press ? or * to list all spells.
You blink.
Aiming: Corrosive Bolt
Press: ? - help, Shift-Dir - straight line, f - large slime creature
Aim: a large slime creature (moderately wounded, 94% to hit)
The bolt of acid hits the large slime creature!
The large slime creature is moderately wounded.
Unknown command.
Unknown command.
Casting: Blink (safe; 1% risk of failure)
Confirm with . or Enter, or press ? or * to list all spells.
You are still too unstable to blink.
Unknown command.
You feel stable enough to blink again. The large slime creature hits you!!!
Ouch! That really hurt!
* * * LOW HITPOINT WARNING * * *
Your crimson imp hits the large slime creature.
A large slime creature splits.
Your crimson imp barely misses the slime creature.
The large slime creature hits you!!!
Ouch! That really hurt!
You die...

#.#.##..###..######
##...###...........# #...##
#.<.........# . #.#.##
#...........# .....#..#
#........>..# #...###.#
###.......###
.........####...R..###
##.###.........J#5..#######
###.######.#####@J.........#
........##.......J....(....#
............#####...)......#
...........########........#
...........................#
...........#..#####........###
.........#.....####........<.#
........###................###
#######.#⌠_..∩...###########


You could see the friendly Septima the knight, a large slime creature (ally
target), 2 slime creatures and a friendly crimson imp (summoned).

Vanquished Creatures
  2 yaks (D:7)
  2 water moccasins
  An ice beast (D:5)
  A hornet zombie (D:6)
  A black bear (D:4)
  A centaur (D:5)
  2 necrophages
  A lemure (D:7)
  A bullfrog (D:4)
  2 kobold brigands
  2 scorpions
  A water moccasin zombie (D:5)
  A killer bee (D:8)
  A centaur zombie (D:5)
  A crimson imp (D:3)
  A hound (D:6)
  A bullfrog skeleton (D:6)
  An iguana (D:6)
  4 orc wizards
  8 gnolls
  5 adders
  An ufetubus (D:5)
  An adder skeleton (D:5)
  2 dart slugs
  6 orcs
  3 ball pythons
  3 bats
  3 endoplasms
  A giant cockroach (D:4)
  8 goblins
  4 hobgoblins
  A quokka (D:3)
  A frilled lizard (D:1)
  8 kobolds
  3 rats
85 creatures vanquished.

Vanquished Creatures (collateral kills)
  A two-headed ogre (D:8)
  Pikel (D:7)
  A cyclops (D:8)
  Joseph (D:7)
  Maggie (D:7)
  Prince Ribbit (D:7)
  A yak (D:7)
  The ghost of Dazliare the Sneak, an amateur NaBr of Makhleb (D:4)
  A steam dragon (D:6)
  Menkaure (D:7)
  3 ice beasts
  A sky beast (D:5)
  An orc warrior (D:6)
  4 ogres
  A centaur (D:6)
  A lemure (D:7)
  Blork the orc (D:5)
  2 gnoll sergeants
  3 scorpions
  A wyvern skeleton (D:6)
  2 killer bees (D:8)
  2 gnoll shamans
  2 hounds (D:6)
  2 iguanas
  Terence (D:2)
  A hound skeleton (D:5)
  A howler monkey zombie (D:6)
  14 gnolls
  4 adders
  A shadow imp (D:6)
  A white imp (D:3)
  An ufetubus (D:5)
  2 dart slugs
  6 orcs
  3 ball pythons
  4 bats (Sewer)
  3 endoplasms
  4 giant cockroaches
  4 goblins
  2 hobgoblins (D:3)
  8 kobolds
  A quokka (D:4)
  2 rats
99 creatures vanquished.

Vanquished Creatures (others)
  A knight (D:3)
  An ancestor (D:1)
  A demonic plant (D:1)
  A fungus (D:1)
  7 plants (D:2)
11 creatures vanquished.

Grand Total: 195 creatures vanquished

Notes
Turn   | Place    | Note
-------+----------+-------------------------------------------
     0 | D:1      | lawman0 the Djinni Hedge Wizard began the quest for the
                  | Orb.
     0 | D:1      | Reached XP level 1. HP: 15/15 MP: 0/0
   257 | D:1      | Found a faded altar of an unknown god.
   311 | D:1      | Reached XP level 2. HP: 16/21 MP: 0/0
   322 | D:1      | Prayed at the altar of an unknown god.
   322 | D:1      | Became a worshipper of Hepliaklqana the Forgotten
   322 | D:1      | Reached * piety under Hepliaklqana
  1092 | D:1      | Reached XP level 3. HP: 19/22 MP: 0/0
  1092 | D:1      | Learned a level 1 spell: Animate Skeleton
  1530 | D:2      | Reached ** piety under Hepliaklqana
  1531 | D:2      | Remembered your ancestor Septima as a knight
  2023 | D:2      | Reached XP level 4. HP: 26/27 MP: 0/0
  2066 | D:2      | Reached skill level 1 in Fighting
  2353 | D:2      | Noticed Terence
  2372 | D:2      | Killed Terence
  2373 | D:2      | Reached XP level 5. HP: 20/33 MP: 0/0
  2373 | D:2      | Learned a level 2 spell: Searing Ray
  2901 | D:3      | Found a hide-covered altar of Uskayaw.
  3068 | D:3      | Found a white marble altar of Elyvilon.
  3205 | D:3      | Found a burning altar of Makhleb.
  3205 | D:3      | Found a shimmering altar of Xom.
  3735 | D:3      | Reached *** piety under Hepliaklqana
  3747 | D:3      | Reached XP level 6. HP: 37/37 MP: 0/0
  4031 | D:4      | Noticed an ogre
  4035 | D:4      | Killed an ogre
  4036 | D:4      | Reached skill level 1 in Shields
  4173 | D:4      | Noticed a black bear
  4187 | D:4      | Found a runed translucent door.
  4193 | D:4      | Killed a black bear
  4194 | D:4      | Reached skill level 1 in Invocations
  4194 | D:4      | Reached XP level 7. HP: 31/44 MP: 0/0
  4194 | D:4      | Learned a level 3 spell: Frozen Ramparts
  4216 | D:4      | Found a glowing drain.
  4240 | Sewer    | Entered a sewer
  4325 | Sewer    | Noticed a water moccasin
  4333 | Sewer    | Killed a water moccasin
  4597 | D:4      | Noticed Dazliare's ghost (amateur NaBr)
  4741 | D:4      | Killed Dazliare's ghost
  4742 | D:4      | Reached skill level 5 in Spellcasting
  4742 | D:4      | Reached XP level 8. HP: 45/49 MP: 0/0
  5834 | D:5      | Entered Level 5 of the Dungeon
  5861 | D:5      | Noticed Blork the orc
  5864 | D:5      | Identified the +8 quarterstaff of the Lumpy Invaders
                  | {drain, *Noise rC+ Will+ Str+4}
  5866 | D:5      | Killed Blork the orc
  5872 | D:5      | Reached skill level 1 in Long Blades
  6630 | D:5      | Reached XP level 9. HP: 34/54 MP: 0/0
  6630 | D:5      | Learned a level 4 spell: Passage of Golubria
  6965 | D:5      | Reached skill level 5 in Dodging
  7073 | D:5      | Found a stormy altar of Qazlal.
  8108 | D:6      | Reached XP level 10. HP: 30/60 MP: 0/0
  8484 | D:6      | Reached **** piety under Hepliaklqana
  8607 | D:7      | Noticed Maggie
  8607 | D:7      | Noticed Joseph
  8607 | D:7      | Found a staircase to the Ecumenical Temple.
  8640 | D:7      | Noticed Pikel
  8657 | D:7      | Killed Maggie
  8658 | D:7      | Reached skill level 5 in Long Blades
  8998 | D:7      | Killed Pikel
  9016 | D:7      | Killed Joseph
  9280 | D:7      | Noticed Menkaure
  9288 | D:7      | Killed Menkaure
  9289 | D:7      | Reached skill level 1 in Evocations
  9736 | D:7      | Noticed Prince Ribbit
  9755 | D:7      | Killed Prince Ribbit
 10026 | Temple   | Entered the Ecumenical Temple
 10057 | D:8      | Noticed a cyclops
 10067 | D:8      | Killed a cyclops
 10067 | D:8      | Noticed a two-headed ogre
 10068 | D:8      | Reached skill level 5 in Fighting
 10077 | D:8      | Killed a two-headed ogre
 10078 | D:8      | Reached skill level 5 in Invocations
 10078 | D:8      | Reached XP level 11. HP: 42/68 MP: 0/0
 10078 | D:8      | Learned a level 4 spell: Ice Form
 10083 | D:8      | Identified a scroll of acquirement
 10084 | D:8      | Acquired 886 gold pieces
 10214 | D:8      | Found Zin's Purification Station.
 10218 | D:8      | Found a glowing silver altar of Zin.
 10223 | D:8      | Bought a potion of curing for 90 gold pieces
 10267 | D:8      | Reached skill level 5 in Shields
 10302 | D:8      | Annihilated by a large slime creature

Illustrated notes

Levels and vault maps discovered:
D:1:      nagdon_arrival_zigzag_paths, layout_basic,
          shapermc_ecumenical_altar_gd, serial_forest,
          infiniplex_forest_straight_3, infiniplex_forest_lined_2,
          infiniplex_forest_lined_2, infiniplex_forest_zigzag_2,
          infiniplex_forest_clump_double, infiniplex_forest_clump_double,
          infiniplex_forest_end_1, infiniplex_forest_end_3,
          serial_bayou_lagoon_b
D:2:      layout_loops_corners, serial_bayou_ford_a, uniq_terence
D:3:      layout_loops_corners, grunt_temple_overflow_champion_of_chaos,
          mainiacjoe_overflow_alcove_4, nicolae_overflow_crystal_walls
D:4:      layout_layer_cave, ebering_ghost_sewer_d, portal_sewer_entry_f,
          minmay_ogre_servants
D:5:      layout_loops_ring, lemuel_coloured_pillars_altar, uniq_blork_the_orc
D:6:      minmay_clustersquares, layout_loops_cross, serial_bayou_pond_d
D:7:      layout_rooms, minmay_temple_entry_mist,
          hangedman_decor_diamond_cutter, uniq_pikel, uniq_prince_ribbit1,
          uniq_maggie, uniq_menkaure, uniq_joseph
D:8:      layout_rooms, zin_purify, mainiacjoe_overflow_small_starburst
Temple:   nicolae_temple_no_exploring_needed

Skill      XL: |  1  2  3  4  5  6  7  8  9 10 11 |
---------------+----------------------------------+-----
Spellcasting   | 3 4 5 6 |  6.8
Fighting       | 1 2 3 4 5 |  5.3
Stealth        | 2 3 4 |  4.5
Shields        | 1 2 3 4 5 |  5.0
Invocations    | 1 2 3 5 |  5.1
Dodging        | 3 4 5 6 |  6.2
Long Blades    | 2 4 6 |  6.5
Evocations     | 1 |  1.1
Short Blades   | |  0.1

Action                   |  1- 3 |  4- 6 |  7- 9 | 10-12 || total
-------------------------+-------+-------+-------+-------++-------
Melee: Dagger            |    17 |    22 |    29 |       ||    68
       Short sword       |     9 |    33 |       |       ||    42
       Long sword        |       |       |   135 |    69 ||   204
 Cast: Magic Dart        |    34 |       |       |       ||    34
       Animate Skeleton  |     4 |    11 |     4 |    12 ||    31
       Slow              |     1 |       |     1 |       ||     2
       Mephitic Cloud    |       |     1 |     9 |    17 ||    27
       Searing Ray       |       |     6 |       |     2 ||     8
       Frozen Ramparts   |       |       |     3 |     2 ||     5
       Blink             |       |       |     1 |     1 ||     2
       Passage of Golubr |       |       |     1 |       ||     1
       Call Imp          |       |       |       |     2 ||     2
Invok: Ancestor Identity |     1 |       |       |       ||     1
       Ancestor Life: Kn |     1 |       |       |       ||     1
       Recall Ancestor   |       |       |       |     1 ||     1
Evoke: Wand              |       |       |     4 |     6 ||    10
  Use: Scroll            |       |     3 |     3 |     3 ||     9
 Stab: Sleeping          |       |     4 |     6 |       ||    10
       Distracted        |       |       |     2 |       ||     2
       Confused          |       |       |     1 |     5 ||     6
Armor: Robe              |     6 |    18 |    69 |     8 ||   101
Dodge: Dodged            |    15 |    25 |   145 |    57 ||   242
Block: Other             |     5 |    20 |    36 |       ||    61
       Reflection        |       |     1 |     1 |     6 ||     8
       Buckler           |       |       |    35 |    39 ||    74

Table legend: (Time is in decaauts)
 A = Elapsed time spent in this place.
 B = Non-inter-level travel time spent in this place.
 C = Inter-level travel time spent in this place.
 D = Time resting spent in this place.
 E = Time spent auto-exploring this place.
 F = Levels seen in this place.
 G = Mean time per level.
                   A        B        C        D        E       F      G
               +--------+--------+--------+--------+--------+-----+--------+
         Total |  10351 |   9914 |    437 |   1574 |   6652 |  10 | 1035.1 |
       Dungeon |  10164 |   9727 |    437 |   1574 |   6515 |   8 | 1270.5 |
        Temple |      1 |      1 |      0 |      0 |      0 |   1 |    1.0 |
         Sewer |    184 |    184 |      0 |      0 |    137 |   1 |  184.0 |
               +--------+--------+--------+--------+--------+-----+--------+

Top non-repeatable levels by time:
     D:6: 1774 daAuts
     D:4: 1691 daAuts
     D:1: 1465 daAuts
     D:2: 1331 daAuts
     D:5: 1324 daAuts
     D:3: 1170 daAuts
     D:7: 1159 daAuts
     D:8: 246 daAuts
   Sewer: 184 daAuts
  Temple: 1 daAuts
